 Dungeon Sprint DCSS version 0.28.0-1-gb440e238dd (webtiles) character file.

Game seed: 15254995114933607741

13375 boopmooplesden the Minotaur Blade (level 11, -3/123 HPs)
             Began as a Minotaur Berserker on Feb 26, 2022.
             Was the Champion of Trog.
             Shot with an arrow by Nessos (5 damage)
             ... in the Dungeon (Sprint II: "The Violet Keep of Menkaure").
             The game lasted 00:07:33 (3064 turns).

boopmooplesden the Minotaur Blade (MiBe)            Turns: 3064, Time: 00:07:34

Health: -3/123     AC: 34    Str: 20    XL:     11   Next: 74%
Magic:  10/10      EV: 10    Int:  4    God:    Trog [******]
Gold:   1016       SH:  0    Dex: 12    Spells: 10/10 levels left

rFire   . . .      SeeInvis +   c - +2 triple sword (vorpal)
rCold   . . .      Faith    .   (shield currently unavailable)
rNeg    + + +      Spirit   .   F - +13 plate armour "Degg" {Fly Str-2 Slay+4 SInv}
rPois   .          Reflect  .   r - +1 hat
rElec   +          Harm     .   j - +2 cloak "Ver Koyf" {*Slow +Blink rElec rN+++}
rCorr   .          Rampage  .   x - +0 pair of gloves
Will    .....      NoTele   +   i - +0 pair of boots {Fly}
Stlth   ..........              (no amulet)
HPRegen 0.30/turn               (no ring)
MPRegen 0.12/turn               (no ring)

@: lethally poisoned (-3 -> -68), flying
A: horns 2, retaliatory headbutt, screaming 1, weak 1
a: Renounce Religion, Evoke Blink, Berserk, Trog's Hand, Brothers in Arms


You were in the Dungeon.
You worshipped Trog.
Trog was exalted by your worship.
You visited 1 branch You collected 1984 gold pieces.
You spent 968 gold pieces at shops.

Inventory:

Hand Weapons
 a - a +0 falchion
 c - a +2 vorpal triple sword (weapon)
 d - a +2 great sword of flaming
 k - a +7 great sword of flaming
 A - the +4 long sword of Zotoec {flame, rElec Will+ Dex+2}
   (You found it in the Dungeon)

   It burns those it strikes, dealing additional fire damage.
   Big, fiery blades are also staple armaments of hydra-hunters.
   Dex:       It affects your dexterity (+2).
   rElec:     It insulates you from electricity.
   Will:      It increases your willpower.
Missiles
 n - a throwing net (quivered)
 z - 9 javelins
Armour
 i - a +0 pair of boots of flying (worn)
 j - the +2 cloak "Ver Koyf" (worn) {*Slow +Blink rElec rN+++}
   (You bought it in a shop in the Dungeon)

   rElec:     It insulates you from electricity.
   rN:        It renders you almost immune to negative energy.
   +Blink:    It lets you blink.
   *Slow:     It may slow you when you take damage.
 q - a +1 leather armour
 r - a +1 hat (worn)
 x - a +0 pair of gloves (worn)
 B - a +2 plate armour of cold resistance
 F - the +13 plate armour "Degg" (worn) {Fly Str-2 Slay+4 SInv}
   (You found it in the Dungeon)

   Str:       It affects your strength (-2).
   Slay:      It affects your accuracy & damage with ranged weapons and melee
   (+4).
   SInv:      It lets you see invisible.
   Fly:       It grants you flight.
Jewellery
 b - an amulet of regeneration
 C - a +4 ring of evasion
 D - the ring of Saamug {rCorr AC+4 Str-3 Dex+5}
   (You found it in the Dungeon)

   [ring of protection]

   AC:        It affects your AC (+4).
   Str:       It affects your strength (-3).
   Dex:       It affects your dexterity (+5).
   rCorr:     It protects you from acid and corrosion.
 E - a ring of fire
Scrolls
 h - a scroll of blinking
 o - 4 scrolls of identify
 J - a scroll of enchant weapon
Potions
 e - 4 potions of haste
 f - 14 potions of magic
 g - 2 potions of berserk rage
 l - 3 potions of lignification
 m - 2 potions of resistance
 p - a potion of heal wounds
 s - 7 potions of flight
 t - a potion of experience {unknown}
 v - 3 potions of curing
 w - 3 potions of mutation
 I - a potion of attraction {unknown}
Miscellaneous
 G - a phial of floods
 H - a lightning rod (4/4)


   Skills:
 + Level 19.3 Fighting
 + Level 23.1 Long Blades
 + Level 8.8 Armour
 + Level 13.5 Dodging
 + Level 5.9 Stealth


You had 10 spell levels left.
You didn't know any spells.
Your spell library was empty.

Dungeon Overview and Level Annotations

Branches:
Dungeon (1/1)

Altars:
Cheibriados
Dithmenos
Elyvilon
Fedhas
Gozag
Hepliaklqana
Kikubaaqudgha
Makhleb
Nemelex Xobeh
Okawaru
Qazlal
Ru
Sif Muna
Trog
Uskayaw
Vehumet
Wu Jian
Xom
Yredelemnul
Zin
The Shining One
Beogh
Jiyva
Lugonu

Shops:
D =[:=?[((!=:!(:[:*(:

Annotations:
D exclusions: oklob plant and orange crystal statue, Nessos


Innate Abilities, Weirdness & Mutations

You have a pair of horns on your head.
You reflexively headbutt those who attack you in melee.
You occasionally shout uncontrollably at your foes.
You are weak. (Str -2)


Message History

You suddenly lose the ability to move!
Nessos zaps a wand.
You easily resist.
Nessos wields a +1 longbow of flaming.
It bursts into flame!
Nessos shoots an arrow.
The arrow hits you!! The arrow burns you!
You can move again.
You struggle against the net.
Nessos casts a spell.
Nessos seems to speed up.
Nessos gestures wildly while chanting.
Nessos blinks!
You rip the net and break free!
Nessos shoots an arrow.
The arrow barely misses you.
Nessos casts a spell.
Nessos blinks!
Nessos shoots an arrow.
The arrow hits you! The arrow burns you.
You are poisoned.
Nessos shoots an arrow.
The arrow hits you! The arrow burns you.
You are more poisoned.
You feel extremely sick.
Nessos shoots an arrow.
The arrow hits you!! The arrow burns you!
You are more poisoned.
Nessos shoots an arrow.
The arrow hits you but does no damage.
Nessos gestures wildly while chanting.
Nessos blinks!
* * * LOW HITPOINT WARNING * * *
You feel extremely sick.
Nessos casts a spell.
Nessos blinks!
There is an entrance to Foalifiet's Book Emporium here.
* * * LOW HITPOINT WARNING * * *
You feel extremely sick.
Nessos shoots an arrow.
The arrow hits you!
* * * LOW HITPOINT WARNING * * *
The arrow burns you.
You are more poisoned.
* * * LOW HITPOINT WARNING * * *
Nessos shoots an arrow.
The arrow hits you!
* * * LOW HITPOINT WARNING * * *
The arrow burns you.
You are more poisoned.
You die...

##≈°.≈≈§§ ###≈..≈≈≈
#∩####+## ##....####
#∩.......'
###########.#
)o.ooo[..#..
###################..
#.c?@∩≈.^............
#####################


You could see Nessos (fast).

Vanquished Creatures
  A deep elf blademaster (D)
  Gastronok (D)
  Roxanne (D)
  A dire elephant (D)
  3 sixfirhies (D)
  A harpy (D)
  3 orc sorcerers (D)
  A merfolk siren (D)
  An eye of devastation (D)
  A yaktaur (D)
  A hornet (D)
  3 polar bears (D)
  A blink frog (D)
  18 flying skulls (D)
  4 neqoxecs (D)
  Menkaure (D)
  4 water moccasins (D)
  4 scorpions (D)
  9 electric eels (D)
  A jelly (D)
  3 worms (D)
63 creatures vanquished.

Vanquished Creatures (others)
  A water moccasin (D)
  4 tentacles (D)
5 creatures vanquished.

Grand Total: 68 creatures vanquished

Notes
Turn   | Place    | Note
-------+----------+-------------------------------------------
     0 | D        | boopmooplesden the Minotaur Berserker began the quest for
                  | the Orb.
     0 | D        | Reached XP level 1. HP: 19/19 MP: 0/0
     9 | D        | Reached skill level 4 in Long Blades
   267 | D        | Noticed an orange crystal statue
   271 | D        | Reached ** piety under Trog
   272 | D        | Reached XP level 2. HP: 28/28 MP: 1/1
   278 | D        | Noticed a water moccasin
   285 | D        | HP: 1/28 [water moccasin (1)]
   288 | D        | Killed a water moccasin
   289 | D        | Reached skill level 8 in Long Blades
   289 | D        | Reached XP level 3. HP: 7/39 MP: 2/2
   289 | D        | Reached XP level 4. HP: 8/47 MP: 3/3
   547 | D        | Noticed a merfolk siren
   551 | D        | Killed a water moccasin
   560 | D        | Killed a merfolk siren
   561 | D        | Reached skill level 12 in Long Blades
   561 | D        | Reached skill level 5 in Armour
   561 | D        | Reached XP level 5. HP: 9/60 MP: 4/4
   561 | D        | Reached XP level 6. HP: 10/68 MP: 5/5
   843 | D        | Reached *** piety under Trog
   844 | D        | Reached XP level 7. HP: 74/74 MP: 6/6
   858 | D        | Reached skill level 13 in Long Blades
   946 | D        | Noticed a neqoxec
   946 | D        | Noticed a neqoxec
   946 | D        | Noticed a neqoxec
   946 | D        | Noticed a neqoxec
   948 | D        | Gained mutation: You occasionally shout uncontrollably at
                  | your foes. [a neqoxec]
   949 | D        | Killed a neqoxec
   949 | D        | Reached **** piety under Trog
   955 | D        | Killed a neqoxec
   956 | D        | Reached skill level 14 in Long Blades
   958 | D        | Killed a neqoxec
   959 | D        | Reached XP level 8. HP: 86/86 MP: 7/7
   959 | D        | Gained mutation: You are weak. (Str -2) [a neqoxec]
   979 | D        | Found Pautemn's Antique Armour Shoppe.
   979 | D        | Found Punadike's Book Shoppe.
   979 | D        | Found Yzo Syefetou's Weapon Emporium.
   979 | D        | Found Xaizeg's Jewellery Shoppe.
   979 | D        | Found Ehamm's Book Emporium.
   979 | D        | Found Plog's Distillery.
   979 | D        | Found Yfo Xeta's Distillery.
   980 | D        | Found Xudwuxki's Weapon Shoppe.
   980 | D        | Found Coecymau's Assorted Antiques.
   980 | D        | Found Ezirhics's Antique Weapon Emporium.
   980 | D        | Noticed a slime creature
   980 | D        | Noticed a slime creature
   985 | D        | Found Okki's Antique Armour Shoppe.
   985 | D        | Found Cierphi's Magic Scroll Emporium.
   985 | D        | Noticed a slime creature
   985 | D        | Noticed an oklob plant
   989 | D        | Noticed a flying skull
   990 | D        | Noticed a blink frog
   995 | D        | Noticed a flying skull
   999 | D        | Killed a blink frog
   999 | D        | Reached ***** piety under Trog
  1000 | D        | Reached skill level 15 in Long Blades
  1003 | D        | Found Mila's Antique Armour Shoppe.
  1003 | D        | Found Manno's Jewellery Emporium.
  1003 | D        | Found Potruef's Book Shoppe.
  1004 | D        | Noticed a death yak
  1005 | D        | Bought a pair of embroidered boots for 172 gold pieces
  1005 | D        | Bought a glowing kite shield for 172 gold pieces
  1017 | D        | Bought a +5 great sword of flaming for 387 gold pieces
  1032 | D        | Bought a steaming cloak for 237 gold pieces
  1032 | D        | Identified the +2 cloak "Ver Koyf" {*Slow +Blink rElec
                  | rN+++} (You bought it in a shop in the Dungeon)
  1037 | D        | Noticed an ice dragon
  1051 | D        | Noticed a flying skull
  1055 | D        | Noticed a flying skull
  1055 | D        | Noticed a flying skull
  1055 | D        | Noticed a flying skull
  1055 | D        | Noticed a flying skull
  1055 | D        | Noticed a flying skull
  1055 | D        | Noticed a flying skull
  1056 | D        | Noticed a flying skull
  1056 | D        | Noticed a flying skull
  1056 | D        | Noticed a flying skull
  1069 | D        | Killed a flying skull
  1076 | D        | Killed a flying skull
  1078 | D        | Killed a flying skull
  1079 | D        | Reached skill level 16 in Long Blades
  1081 | D        | Killed a flying skull
  1082 | D        | Reached XP level 9. HP: 96/96 MP: 8/8
  1086 | D        | Reached skill level 15 in Fighting
  1090 | D        | Received a gift from Trog
  1091 | D        | Reached skill level 17 in Long Blades
  1104 | D        | Reached skill level 10 in Dodging
  1583 | D        | Found a glowing golden altar of the Shining One.
  1583 | D        | Found an ornate altar of the Wu Jian Council.
  1584 | D        | Found a shimmering altar of Xom.
  1584 | D        | Found a sacrificial altar of Ru.
  1584 | D        | Found a stormy altar of Qazlal.
  1585 | D        | Found a basalt altar of Yredelemnul.
  1585 | D        | Found a shimmering blue altar of Sif Muna.
  1585 | D        | Found a viscous altar of Jiyva.
  1585 | D        | Found a hazy altar of Hepliaklqana.
  1586 | D        | Found a glowing silver altar of Zin.
  1586 | D        | Found a bloodstained altar of Trog.
  1586 | D        | Found an ancient bone altar of Kikubaaqudgha.
  1586 | D        | Found a snail-covered altar of Cheibriados.
  1587 | D        | Found a hide-covered altar of Uskayaw.
  1587 | D        | Found a corrupted altar of Lugonu.
  1587 | D        | Found a shadowy altar of Dithmenos.
  1588 | D        | Found a radiant altar of Vehumet.
  1588 | D        | Found a burning altar of Makhleb.
  1588 | D        | Found a white marble altar of Elyvilon.
  1589 | D        | Found a sparkling altar of Nemelex Xobeh.
  1589 | D        | Found a blossoming altar of Fedhas.
  1590 | D        | Found an iron altar of Okawaru.
  1590 | D        | Found an opulent altar of Gozag.
  1590 | D        | Noticed a polar bear
  1591 | D        | Noticed a yaktaur
  1591 | D        | Noticed a polar bear
  1597 | D        | Killed a polar bear
  1598 | D        | Reached skill level 18 in Long Blades
  1598 | D        | Noticed a polar bear
  1602 | D        | Killed a polar bear
  1602 | D        | Received a gift from Trog
  1603 | D        | Reached XP level 10. HP: 82/108 MP: 9/9
  1606 | D        | Reached ****** piety under Trog
  1610 | D        | HP: 5/108 [poisoned by a hornet]
  1613 | D        | HP: 2/108 [poisoned by a hornet]
  1974 | D        | Noticed Menkaure
  1980 | D        | Reached skill level 19 in Long Blades
  1981 | D        | Reached skill level 1 in Stealth
  1981 | D        | Noticed a kraken
  1989 | D        | Killed Menkaure
  2244 | D        | Noticed Roxanne
  2246 | D        | Noticed a sixfirhy
  2250 | D        | Noticed a sixfirhy
  2265 | D        | Killed Roxanne
  2266 | D        | Noticed a sixfirhy
  2272 | D        | Found Ozoezxo's Book Shoppe.
  2273 | D        | Found Jetrioh's Antique Weapon Boutique.
  2319 | D        | Identified the +5 quarterstaff of Ehusm {venom, rPois rC+
                  | Will+ SInv}
  2426 | D        | Received a gift from Trog
  2431 | D        | Killed a sixfirhy
  2432 | D        | Reached skill level 20 in Long Blades
  2434 | D        | Killed a sixfirhy
  2437 | D        | Killed a sixfirhy
  2440 | D        | Noticed Gastronok
  2449 | D        | Killed Gastronok
  2450 | D        | Reached skill level 21 in Long Blades
  2450 | D        | Reached XP level 11. HP: 97/119 MP: 10/10
  2456 | D        | Noticed a dire elephant
  2456 | D        | Noticed an orc sorcerer
  2456 | D        | Noticed an orc sorcerer
  2456 | D        | Noticed an orc sorcerer
  2458 | D        | Noticed a sixfirhy
  2462 | D        | Killed a dire elephant
  2463 | D        | Killed an orc sorcerer
  2463 | D        | Received a gift from Trog
  2466 | D        | Killed an orc sorcerer
  2468 | D        | Killed an orc sorcerer
  2469 | D        | Reached skill level 22 in Long Blades
  2469 | D        | Reached skill level 5 in Stealth
  2491 | D        | Identified the +1 robe "Kuwoxt" {Stlth+}
  2492 | D        | Identified the +4 long sword of Zotoec {flame, rElec Will+
                  | Dex+2}
  2502 | D        | Identified the +3 robe "Downirphi" {Dex+4}
  2511 | D        | Identified the ring of Saamug {rCorr AC+4 Str-3 Dex+5}
  2516 | D        | Identified the +6 great mace of Hanlom Ler {pain, rElec}
  2518 | D        | Identified the +4 hand axe of a Gauntlet {vorpal, +Blink
                  | rC+ Str+4}
  2525 | D        | Identified the +13 plate armour "Degg" {Fly Str-2 Slay+4
                  | SInv}
  2793 | D        | Received a gift from Trog
  2807 | D        | Noticed a harpy
  2809 | D        | Killed a harpy
  2815 | D        | Noticed a deep elf blademaster
  2822 | D        | Killed a deep elf blademaster
  2823 | D        | Reached skill level 23 in Long Blades
  2825 | D        | Received a gift from Trog
  3052 | D        | Found Foalifiet's Book Emporium.
  3055 | D        | Found Halix's Jewellery Shop.
  3056 | D        | Noticed Nessos
  3057 | D        | Paralysed by Nessos for 2 turns
  3064 | D        | HP: 2/123 [Nessos/arrow (13)]
  3064 | D        | Shot with an arrow by Nessos

Illustrated notes

Levels and vault maps discovered:
D:        the_violet_keep_of_menkaure [sprint2_stairs_cluster_1,
          sprint2_shoproom, sprint2_temple, sprint2_basic_supplies,
          sprint2_obstacle_1, sprint2_obstacle_6, sprint2_obstacle_4,
          sprint2_obstacle_3, sprint2_obstacle_7, sprint2_timed_cluster_1,
          sprint2_smallroom_cluster_1, sprint2_smallroom_final_cluster_1,
          sprint2_transparent_cluster_1, sprint2_second_timed_cluster_1,
          sprint2_sniper_area_1, sprint2_heavy_combat_area_1,
          sprint2_mutation_trap_area_1, sprint2_forest_area_1,
          sprint2_light_combat_area_1, sprint2_behind_water_1,
          sprint2_near_end_vault_1]

Skill      XL: |  1  2  3  4  5  6  7  8  9 10 11 |
---------------+----------------------------------+-----
Fighting       | 4 7 11 13 14 16 18 19 | 19.3
Long Blades    | 4 8 12 14 16 18 21 23 | 23.1
Armour         | 4 5 6 7 8 |  8.8
Dodging        | 4 6 7 8 10 12 13 | 13.5
Stealth        | 4 5 |  5.9

Action                   |  1- 3 |  4- 6 |  7- 9 | 10-12 || total
-------------------------+-------+-------+-------+-------++-------
Melee: Falchion          |    17 |    13 |    27 |       ||    57
       Headbutt          |       |     4 |    11 |    18 ||    33
       Great sword       |       |       |    46 |    22 ||    68
       Triple sword      |       |       |       |    52 ||    52
Invok: Berserk           |       |       |     3 |     4 ||     7
  Use: Potion            |     1 |       |     1 |     2 ||     4
       Scroll            |       |       |       |    11 ||    11
 Stab: Sleeping          |       |       |       |     1 ||     1
Armor: Animal skin       |     1 |       |    12 |     3 ||    16
       Leather armour    |       |       |       |     2 ||     2
       Plate armour      |       |       |       |    27 ||    27
Dodge: Dodged            |     9 |     3 |    37 |    43 ||    92
